AoeStats
← ASTHAROTH

Pilgrims

509713775Analyzed
2v2 RM · 5d ago on Sep 27, 2026· 48m 13s· 4 players
Game mode
Random Map
Map size
Medium (4 player)
Population
200
Speed
Normal
Resources
Standard
Victory
Conquest
Starting age
Dark Age
Ending age
Imperial Age
RankedLock teamsTeams togetherTeam positionsShared explorationLock speedFull tech treeHidden civsTurbo modeCheats
Victory
Defeat
🇫🇷 Britons · France
565
+17
🇫🇷 Goths · France
532
+16
🇫🇷 Goths · France
462
-22
🇫🇷 Sicilians · France
462
-22
GABRIEL
15:25 Feudal Age
21:06 Double-Bit Axe
23:59 Gold Mining
24:21 Fishing Lines
27:47 Stone Mining
30:46 Castle Age
30:39 Man-at-Arms
36:42 Wheelbarrow
36:48 Wheelbarrow
37:13 Stone Shaft Mining
37:10 Anarchy
39:46 Forging
39:26 Fletching
39:37 Scale Mail Armor
39:37 Padded Archer Armor
40:54 Squires
41:01 Gillnets
45:13 Wheelbarrow
49:58 Imperial Age
Krayd
14:15 Feudal Age
31:41 Castle Age
Golos_Le_Gris
14:02 Feudal Age
14:30 Horse Collar
14:40 Double-Bit Axe
14:50 Man-at-Arms
19:36 Forging
19:31 Scale Mail Armor
19:47 Forging
26:54 Castle Age
26:58 Long Swordsman
27:44 Squires
28:26 Iron Casting
27:59 Scale Barding Armor
28:16 Chain Mail Armor
38:59 Anarchy
41:05 Wheelbarrow
40:17 Town Watch
45:59 Imperial Age
46:51 Perfusion
ASTHAROTH
11:33 Feudal Age
13:55 Loom
17:29 Wheelbarrow
17:54 Horse Collar
18:57 Double-Bit Axe
23:32 Stone Mining
23:40 Gold Mining
27:40 Castle Age
29:02 Gold Shaft Mining
28:44 Bow Saw
28:41 Heavy Plow
29:40 Hand Cart
47:40 Imperial Age
Connection lost

Rejoining the realm…

Still unreachable

The connection could not be restored.

Session expired

The server has moved on; the page needs a fresh start.